cohdb
Replays
Latest Replays
All Replays
Popular Replays
Top Player Replays
Match Explorer
How It Works
Community
CoH3 Stats
Reddit
Sign in to upload your games and track your stats! →
Sign in with Steam
Match 37417041
Unlisted
Match 37417041
Overview
Messages
Build Orders
End
Construct Barracks
Selects Advanced Infantry Battlegroup
Engineer Squad
Riflemen Squad
M1 Mortar Team
Riflemen Squad
Grenade Package
Construct Weapon Support Center
Selects Ammunition Storage
M1919 Machine Gun Team
M1919 Machine Gun Team
Air Support Center
P-47 Strafing Run
P-47 Dive Bomb
Riflemen Squad
Grasshopper Recon Run
P-47 Strafing Run
Construct Tank Depot
Selects M2A1 105mm Howitzer Emplacement
Grasshopper Recon Run
P-47 Strafing Run
M18 Hellcat Tank Destroyer
Selects Convert to Ranger Squad
Grasshopper Recon Run
P-47 Strafing Run
Selects Frontline Medical Station
Selects 155mm Rapid Artillery Barrage
Construct Medical Station
Grasshopper Recon Run
P-47 Strafing Run
Selects Infantry Assault
P-47 Strafing Run
M18 Hellcat Tank Destroyer
EndState
TidaL
ct331099
贤者之圣剑
Captain
moon
0
0
Comments
sign in to comment!
No comments posted yet!